 Dungeon Crawl Stone Soup version 0.30.1-3-gfc49f6343a (webtiles) character file.

Game seed: 12273969697078312598

241 McKennaii the Conjurer (level 5, -2/38 HPs)
             Began as a Demigod Conjurer on Aug 1, 2023.
             Slain by a gnoll sergeant
             ... wielding a +0 heavy spear
              (4 damage)
             ... on level 4 of the Dungeon.
             The game lasted 00:02:03 (2980 turns).

McKennaii the Conjurer (Demigod Conjurer)           Turns: 2980, Time: 00:02:03

Health: -2/38      AC:  3    Str:  8    XL:     5   Next: 51%
Magic:  4/13       EV: 12    Int: 24    God:
Gold:   237        SH:  0    Dex: 12    Spells: 4/11 levels left

rFire   . . .        f - +2 short sword (venom)
rCold   . . .        (no shield)
rNeg    . . .        a - +0 robe
rPois   .            (no helmet)
rElec   .            o - +0 cloak
rCorr   .            (no gloves)
SInv    .            (no boots)
Will    .....        (no amulet)
Stlth   ++           (no ring)
HPRegen 0.26/turn    (no ring)
MPRegen 0.13/turn

%: no passive effects
@: no status effects
A: high MP 1, forlorn, divine attributes
a: no special abilities


You were on level 4 of the Dungeon.
You visited 1 branch of the dungeon, and saw 4 of its levels.

You collected 237 gold pieces.

Inventory:

Hand Weapons
 f - a +2 short sword of venom (weapon)
Armour
 a - a +0 robe (worn)
 o - a +0 cloak (worn)
Jewellery
 t - a ring of fire
Scrolls
 e - 3 scrolls of teleportation {unknown}
 g - 2 scrolls of magic mapping {unknown}
 i - a scroll of fog {unknown}
 j - 3 scrolls of vulnerability {unknown}
 l - a scroll of noise {unknown}
 m - a scroll of enchant armour {unknown}
 p - a scroll of identify {unknown}
 r - a scroll of amnesia {unknown}
 s - a scroll of torment {unknown}
 v - a scroll of silence {unknown}
Potions
 b - a potion of magic
 c - 2 potions of attraction {unknown}
 d - a potion of berserk rage {unknown}
 h - a potion of resistance {unknown}
 k - 2 potions of curing {unknown}
 n - a potion of ambrosia {unknown}
 q - a potion of degeneration {unknown}
 u - a potion of heal wounds {unknown}
 w - a potion of brilliance {unknown}


   Skills:
 - Level 1.7 Dodging
 - Level 1.7 Stealth
 + Level 3.8 Spellcasting
 + Level 5.2 Conjurations


You had 4 spell levels left.
You knew the following spells:

 Your Spells              Type           Power      Damage    Failure   Level
a - Magic Dart            Conj           100%       1d8       1%          1
b - Searing Ray           Conj           58%        2d6       1%          2
c - Iskenderun's Mystic   Conj/Tloc      17%        2d5       32%         4

Your spell library contained the following spells:

 Spells                   Type           Power      Damage    Failure   Level
 Dazzling Flash           Conj/Hex       34%        N/A       10%         3
 Vhi's Electric Charge    Tloc/Air       8%         N/A       30%         3
 Fulminant Prism          Conj/Hex       8%         3d6       32%         4
 Arcjolt                  Conj/Air       8%         1d18      67%         5
 Maxwell's Capacitive Co  Air            2%         ∞         100%        8


Dungeon Overview and Level Annotations

Branches:
Dungeon (4/15)
 Temple: D:4-7


Innate Abilities, Weirdness & Mutations

You have an increased reservoir of magic. (+10% MP)
You shall have no god before yourself.
Your divine heritage dramatically boosts your attributes as you level up.


Message History

Confirm with . or Enter, or press ? or * to list all spells.
Aiming: Searing Ray (safe; 1% risk of failure)
Press: ? - help, Shift-Dir - straight line, f - gnoll sergeant
Aim: a gnoll sergeant, wielding a +0 heavy spear and wearing a +0 ring mail (85% to hit)
The searing ray hits the gnoll sergeant.
The gnoll sergeant is lightly wounded. (Press . to maintain the ray.)
The searing ray hits the gnoll sergeant.
The gnoll sergeant is lightly wounded.
The searing ray hits the goblin!
You kill the goblin!
The gnoll sergeant hits you from afar with a +0 heavy spear.
The searing ray misses the gnoll sergeant.
The searing ray hits the gnoll sergeant but does no damage.
The gnoll sergeant is lightly wounded.
You finish channelling your searing ray.
The gnoll sergeant hits you from afar with a +0 heavy spear!!
Unknown command.
Casting: Searing Ray (safe; 1% risk of failure)
Confirm with . or Enter, or press ? or * to list all spells.
Aiming: Searing Ray (safe; 1% risk of failure)
Press: ? - help, Shift-Dir - straight line, f/p - gnoll sergeant
Aim: a gnoll sergeant, wielding a +0 heavy spear and wearing a +0 ring mail (lightly wounded, 85% to hit)
The searing ray hits the gnoll sergeant!
The gnoll sergeant is heavily wounded. (Press . to maintain the ray.)
The gnoll sergeant hits you from afar with a +0 heavy spear!
* * * LOW HITPOINT WARNING * * *
The searing ray hits the gnoll sergeant but does no damage.
The gnoll sergeant is heavily wounded.
Unknown command.
The searing ray hits the gnoll sergeant.
The gnoll sergeant is severely wounded.
The gnoll sergeant hits you from afar with a +0 heavy spear.
* * * LOW HITPOINT WARNING * * *
The searing ray hits the gnoll sergeant but does no damage.
The gnoll sergeant is severely wounded.
You finish channelling your searing ray.
The gnoll sergeant hits you from afar with a +0 heavy spear.
You die...

..# ##
#...## ##.
..###..###
...###...#
≈...###.###
≈≈...##.#.#
§≈§...##..#
..≈§...##.#
...≈≈...#.#
...).g.@'.#
...≈≈...###
..§≈...##
.≈≈...#
≈§...#
≈...# ...#
..#


You could see a gnoll sergeant.

Vanquished Creatures
  A scorpion (D:3)
  An orc priest (D:3)
  An iguana (D:4)
  An orc wizard (D:4)
  An adder (D:2)
  A worm (D:2)
  3 dart slugs
  16 orcs
  6 endoplasms
  6 hobgoblins
  5 kobolds
  A quokka (D:1)
  6 ball pythons
  5 bats
  4 frilled lizards
  9 goblins
  5 rats
72 creatures vanquished.

Notes
Turn   | Place    | Note
-------+----------+-------------------------------------------
     0 | D:1      | McKennaii the Demigod Conjurer began the quest for the Orb.
     0 | D:1      | Reached XP level 1. HP: 14/14 MP: 5/5
   278 | D:1      | Reached XP level 2. HP: 20/20 MP: 3/7
   376 | D:1      | Learned a level 2 spell: Searing Ray
   430 | D:1      | Reached skill level 4 in Conjurations
  1299 | D:2      | Reached XP level 3. HP: 26/26 MP: 4/9
  2213 | D:3      | Reached XP level 4. HP: 29/33 MP: 1/11
  2220 | D:3      | Learned a level 4 spell: Iskenderun's Mystic Blast
  2535 | D:3      | Reached skill level 5 in Conjurations
  2535 | D:3      | Reached XP level 5. HP: 34/38 MP: 4/13
  2980 | D:4      | Slain by a gnoll sergeant

Illustrated notes

Levels and vault maps discovered:
D:1:      lemuel_arrival_behind_the_door_small, layout_basic, serial_forest,
          infiniplex_forest_clump_small, infiniplex_forest_lined_3_way,
          infiniplex_forest_clump_diagonal, infiniplex_forest_lined_2,
          infiniplex_forest_end_3, infiniplex_forest_straight_1,
          minmay_octomino_c4
D:2:      layout_loops_ring, minivault_25, bh_walls_and_bars
D:3:      layout_rooms, nicolae_ecumenical_lake_church, grunt_ministairs_9,
          kennysheep_orc_chapel
D:4:      layout_layer_cave, gammafunk_temple_overflow_claw,
          gup_sewer_entry_spiral, kennysheep_diamond

Skill      XL: |  1  2  3  4 |
---------------+-------------+-----
Spellcasting   | 2 3 |  3.8
Conjurations   | 4 5 |  5.2
Dodging        | |  1.7
Stealth        | |  1.7

Action                     |  1- 3 |  4- 6 || total
---------------------------+-------+-------++-------
  Melee: Unarmed           |     5 |       ||     5
         Short sword       |    20 |     4 ||    24
         Punch             |     1 |       ||     1
   Cast: Magic Dart        |    95 |    17 ||   112
         Searing Ray       |     2 |     6 ||     8
 Armour: Robe              |     8 |     1 ||     9
  Dodge: Dodged            |    27 |     1 ||    28
